 Dungeon Crawl Stone Soup version 0.31-a0-1074-g0b22e4e0f1 (webtiles) character file.

Game seed: 14194852718571296480

134 Potatoman the Ruffian (level 4, -4/35 HPs)
             Began as a Draconian Shapeshifter on Dec 1, 2023.
             Was a Believer of Cheibriados.
             Slain by a bullfrog (6 damage)
             ... on level 7 of the Dungeon.
             The game lasted 00:22:15 (1846 turns).

Potatoman the Ruffian (Draconian Shapeshifter)      Turns: 1846, Time: 00:22:16

Health: -4/35      AC:  5    Str: 23    XL:     4   Next: 95%
Magic:  4/4        EV: 11    Int: 16    God:    Cheibriados [**....]
Gold:   46         SH:  8    Dex: 15    Spells: 3/3 levels left

rFire   . . .        h - +0 club
rCold   . . .        g - +0 kite shield
rNeg    . . .        (body armour unavailable)
rPois   .            (helmet currently unavailable)
rElec   .            (cloak currently unavailable)
rCorr   .            (gloves currently unavailable)
SInv    .            f - melded +0 pair of boots
Will    .....        (no amulet)
Stlth   ++           (no ring)
HPRegen 0.25/turn    (no ring)
MPRegen 0.09/turn

%: no passive effects
@: beast-form, very slow
A: beast (slay +2), AC +5, unfitting armour, cold-blooded
a: Begin Untransformation, Renounce Religion, Bend Time


You were on level 7 of the Dungeon.
You worshipped Cheibriados.
Cheibriados was pleased with you.
You were a hulking beast.
You visited 1 branch of the dungeon, and saw 7 of its levels.

You collected 46 gold pieces.

Inventory:

Hand Weapons
 h - a +0 club (weapon)
Missiles
 e - 41 stones (quivered)
 j - 6 poisoned darts
Armour
 f - a +0 pair of boots (melded)
 g - a +0 kite shield (worn)
Jewellery
 k - an amulet of magic regeneration
Talismans
 b - a beast talisman (active)
 c - a flux talisman
 d - a beast talisman (active)
 i - a beast talisman (active)
Scrolls
 l - a scroll of identify
Potions
 a - a potion of lignification


   Skills:
 + Level 1.1 Fighting
 + Level 1.0 Maces & Flails
 + Level 2.3 Dodging
 + Level 0.8 Stealth
 + Level 0.5 Shields
 + Level 4.0 Unarmed Combat
 + Level 3.9 Shapeshifting


You had 3 spell levels left.
You didn't know any spells.
Your spell library contained the following spells:

 Spells                   Type           Power      Damage    Failure   Level
 Magic Dart               Conj           0%         1d3       52%         1
 Call Imp                 Summ           0%         N/A       67%         2
 Mephitic Cloud           Conj/Pois/Air  0%         N/A       88%         3


Dungeon Overview and Level Annotations

Branches:
Dungeon (7/15)
 Temple: D:4-7

Altars:
Cheibriados

Shops:
D:2 !?[

Annotations:
D:7 Jeremiah


Innate Abilities, Weirdness & Mutations

You are a hulking beast.
Your limbs bulge with bestial killing power. (Slay +2)
Your plain brown scales are hard. (AC +5)
You cannot fit into any form of body armour.
You are cold-blooded and may be slowed by cold attacks.


Message History

The butterfly disappears in a burst of colours! x2
The bullfrog attacks as it pursues you! You block the bullfrog's attack.
The bullfrog snags a nearby centipede with its tongue.
The bullfrog hits you but does no damage.
The orc wizard attacks as it pursues you!
The orc wizard hits you but does no damage.
The bullfrog barely misses you.
The butterfly disappears in a burst of colours!
The bullfrog attacks as it pursues you! The bullfrog hits you.
The bullfrog attacks as it pursues you! You block the bullfrog's attack.
The orc wizard attacks as it pursues you!
You block the orc wizard's attack. The bullfrog hits you.
The bullfrog hits you but does no damage.
The orc wizard mumbles some strange words.
The orc wizard flickers and vanishes!
The bullfrog hits you.
The butterfly disappears in a burst of colours! x2
The bullfrog attacks as it pursues you! The bullfrog barely misses you.
You block the bullfrog's attack. The orc attacks as it pursues you!
The orc misses you. The bullfrog closely misses you.
The bullfrog completely misses you.
The butterfly disappears in a burst of colours!
A magic dart appears from out of thin air!
The magic dart hits you. You block the bullfrog's attack.
The orc barely misses you. The bullfrog closely misses you.
The bullfrog hits you.
* * * LOW HITPOINT WARNING * * *
You block the bullfrog's attack. Something barely misses you.
The bullfrog hits you.
* * * LOW HITPOINT WARNING * * *
The bullfrog barely misses you.
The butterfly disappears in a burst of colours! x3
You hear some strange, mumbled words.
A puff of flame appears from out of thin air!
The puff of flame hits you.
* * * LOW HITPOINT WARNING * * *
Something hits you but does no damage. The bullfrog closely misses you.
The bullfrog hits you but does no damage.
The bullfrog hits you.
You die...

................#
....$.....(.bF..#
................#
#.........bb...#
#..............#
#..............#
#............o.#
#............{F########
#######.....f.Fh.......
##.############## ###
#)# #<# #.# #.# #.# #.#
#.###################.#
#....................)#
#######################


You could see Jeremiah, a sleepcap, 2 bullfrogs and an orc.

Vanquished Creatures
  An orc priest (D:3)
  3 adders
  2 worms (D:2)
  3 dart slugs
  5 orcs
  7 ball pythons
  7 bats
  3 endoplasms
  8 goblins
  6 hobgoblins
  2 jackals (D:2)
  2 quokkas
  2 frilled lizards (D:3)
  5 kobolds
  6 rats
62 creatures vanquished.

Notes
Turn   | Place    | Note
-------+----------+-------------------------------------------
     0 | D:1      | Potatoman the Draconian Shapeshifter began the quest for
                  | the Orb.
     0 | D:1      | Reached XP level 1. HP: 16/16 MP: 1/1
   142 | D:1      | Reached XP level 2. HP: 10/23 MP: 2/2
   459 | D:1      | Found a faded altar of an unknown god.
   465 | D:1      | Prayed at the altar of an unknown god.
   465 | D:1      | Became a worshipper of Cheibriados the Contemplative
   465 | D:1      | Reached * piety under Cheibriados
   632 | D:1      | Reached XP level 3. HP: 20/28 MP: 3/3
   891 | D:2      | Found Buvoesu's Magic Scroll Shop.
   925 | D:2      | Found Jiywikhlo's Distillery.
  1075 | D:2      | Found Zuoluenn's Armour Boutique.
  1075 | D:2      | Noticed an animated gold dragon scales
  1077 | D:2      | Noticed an animated gold dragon scales
  1140 | D:2      | Reached ** piety under Cheibriados
  1546 | D:3      | Reached skill level 4 in Unarmed Combat
  1546 | D:3      | Reached XP level 4. HP: 21/35 MP: 0/4
  1739 | D:3      | Reached skill level 1 in Maces & Flails
  1750 | D:5      | Entered Level 5 of the Dungeon
  1805 | D:7      | Noticed Jeremiah
  1833 | D:7      | Noticed a bullfrog
  1834 | D:7      | Noticed a bullfrog
  1845 | D:7      | HP: 1/35 [something/puff of flame (2)]
  1846 | D:7      | Slain by a bullfrog

Illustrated notes

Levels and vault maps discovered:
D:1:      beargit_arrival_greenhouse, layout_loops_ring,
          hellmonk_ecumenical_altar_heavens_door, st_stairs_2
D:2:      layout_basic, serial_shops, shop, nicolae_shop_behind_doors,
          nicolae_shop_mannequins
D:3:      layout_rooms, minitemple, old_standard_altar
D:4:      layout_basic
D:5:      layout_basic, serial_library, serial_library_hellmonk_statue_hall,
          serial_library_hellmonk_double_dead_end,
          serial_library_hellmonk_room_a,
          serial_library_regret_index_double_sided,
          serial_library_hellmonk_open_square, serial_library_hellmonk_h_bend,
          serial_library_hellmonk_hallway_a,
          serial_library_hellmonk_layered_room,
          serial_library_regret_index_multi, minmay_misc_feat_five
D:6:      layout_basic, minmay_temple_entry_glassed_door
D:7:      layout_basic, uniq_jeremiah

Skill      XL: |  1  2  3  4 |
---------------+-------------+-----
Dodging        | 2 |  2.3
Unarmed Combat | 4 |  4.0
Maces & Flails | 1 |  1.0
Fighting       | |  1.1
Stealth        | |  0.8
Shields        | |  0.5
Shapeshifting  | |  3.9

Action                     |  1- 3 |  4- 6 || total
---------------------------+-------+-------++-------
  Melee: Unarmed           |    98 |       ||    98
         Tailslap          |    18 |     8 ||    26
         Club              |    24 |    61 ||    85
         Punch             |     1 |       ||     1
 Invoke: Bend Time         |     2 |       ||     2
Ability: Begin Untransform |     1 |       ||     1
    Use: Potion            |     5 |       ||     5
         Scroll            |     3 |       ||     3
   Stab: Sleeping          |     2 |       ||     2
 Armour: Skin              |    73 |    53 ||   126
  Dodge: Dodged            |    94 |    57 ||   151
  Block: Kite shield       |     8 |    55 ||    63
   Form: Beast             |     3 |       ||     3
         Flux              |     1 |       ||     1

Table legend: (Time is in decaauts)
 A = Elapsed time spent in this place.
 B = Non-inter-level travel time spent in this place.
 C = Inter-level travel time spent in this place.
 D = Time resting spent in this place.
 E = Time spent auto-exploring this place.
 F = Levels seen in this place.
 G = Mean time per level.
                   A        B        C        D        E       F      G
               +--------+--------+--------+--------+--------+-----+--------+
         Total |   2364 |   2286 |     78 |      0 |   1063 |   7 |  337.7 |
       Dungeon |   2364 |   2286 |     78 |      0 |   1063 |   7 |  337.7 |
               +--------+--------+--------+--------+--------+-----+--------+

Top non-repeatable levels by time:
     D:1: 975 daAuts
     D:2: 868 daAuts
     D:3: 370 daAuts
     D:7: 112 daAuts
     D:6: 21 daAuts
     D:4: 8 daAuts
     D:5: 8 daAuts
